 Dungeon Crawl Stone Soup version 0.29.1-12-g30fa7ad0bf (webtiles) character file.

Game seed: 3687812066759317573

2898 RapScallion the Cleaver (level 9, -7/79 HPs)
             Began as a Hill Orc Fighter on Jan 18, 2023.
             Was an Initiate of Okawaru.
             Mangled by an orc warrior
             ... wielding a +0 scimitar
              (17 damage)
             ... on level 8 of the Dungeon.
             The game lasted 00:42:37 (10445 turns).

RapScallion the Cleaver (Hill Orc Fighter)         Turns: 10445, Time: 00:42:38

Health: -7/79      AC: 10    Str: 25    XL:     9   Next: 77%
Magic:  9/9        EV:  8    Int: 16    God:    Okawaru [......]
Gold:   1172       SH:  4    Dex:  9    Spells: 8/8 levels left

rFire   . . .      SeeInvis .   x - +5 demon whip (elec)
rCold   + + .      Faith    .   c - +0 buckler
rNeg    . . .      Spirit   .   F - +0 chain mail of the Fiend {rC+ Str+2 Int+4 Dex-3}
rPois   .          Reflect  .   (no helmet)
rElec   .          Harm     .   (no cloak)
rCorr   .          Rampage  .   (no gloves)
Will    .....                   (no boots)
Stlth   ..........              (no amulet)
HPRegen 0.23/turn               D - ring "Uwnunaewuc" {Wiz Fly Int+4 Dex+2}
MPRegen 0.11/turn               A - ring of protection from cold

@: flying
A: no striking features
a: Renounce Religion


You were on level 8 of the Dungeon.
You worshipped Okawaru.
Okawaru was noncommittal.
You visited 2 branches of the dungeon, and saw 10 of its levels.

You collected 1469 gold pieces.
You spent 297 gold pieces at shops.

Inventory:

Hand Weapons
 j - a +2 hand axe of venom
 k - a +2 vorpal hand axe
 n - a +1 dire flail of protection
 w - a +2 morningstar
 x - a +5 demon whip of electrocution (weapon)
Armour
 c - a +0 buckler (worn)
 o - a +3 scale mail of cold resistance
 y - the +5 ring mail "Fouwiaqi" {Harm rElec Str-5 SInv}
   (You bought it in a shop on level 7 of the Dungeon)

   Str:       It affects your strength (-5).
   rElec:     It insulates you from electricity.
   SInv:      It lets you see invisible.
   Harm:      It increases damage dealt and taken.
 F - the +0 chain mail of the Fiend (worn) {rC+ Str+2 Int+4 Dex-3}
   (You found it on level 7 of the Dungeon)

   Str:       It affects your strength (+2).
   Int:       It affects your intelligence (+4).
   Dex:       It affects your dexterity (-3).
   rC:        It protects you from cold.
Jewellery
 b - a ring of fire
 r - a ring of resist corrosion
 s - a ring of positive energy
 A - a ring of protection from cold (right hand)
 D - the ring "Uwnunaewuc" (left hand) {Wiz Fly Int+4 Dex+2}
   (You found it on level 7 of the Dungeon)

   [ring of wizardry]

   It improves your spell success rate.
   Int:       It affects your intelligence (+4).
   Dex:       It affects your dexterity (+2).
   Fly:       It grants you flight.
Wands
 u - a wand of polymorph (22)
 B - a wand of acid (13)
Scrolls
 f - a scroll of fear
 i - 5 scrolls of teleportation
 l - 2 scrolls of enchant armour
 q - a scroll of identify
Potions
 a - a potion of might
 d - a potion of haste
 e - a potion of magic
 g - a potion of resistance
 h - 2 potions of curing
 m - a potion of invisibility
 p - 2 potions of flight
 t - a potion of mutation
 z - a potion of berserk rage {unknown}


   Skills:
 + Level 7.6 Fighting
 + Level 10.1(10.7) Axes
 + Level 4.4(7.0) Maces & Flails
 + Level 7.6 Armour
 - Level 2.8 Dodging
 - Level 1.1 Stealth
 + Level 5.1 Shields


You had 8 spell levels left.
You didn't know any spells.
Your spell library contained the following spells:

 Spells                   Type           Power      Damage    Failure   Level
 Magic Dart               Conj           0%         1d3       56%         1
 Necrotise                Necr           0%         1d4       56%         1
 Ensorcelled Hibernation  Hex/Ice        0%         N/A       69%         2
 Passwall                 Tmut/Erth      0%         N/A       69%         2
 Mephitic Cloud           Conj/Pois/Air  0%         N/A       89%         3
 Spider Form              Tmut/Pois      0%         N/A       89%         3
 Swiftness                Air            0%         N/A       89%         3
 Vampiric Draining        Necr           0%         2d6       89%         3
 Anguish                  Hex/Necr       0%         N/A       99%         4
 Agony                    Necr           0%         N/A       100%        5
 Call Imp                 Summ           Unusable   N/A       N/A         2

Dungeon Overview and Level Annotations

Branches:
Dungeon (9/15)             Temple (1/1) D:7             Orc (0/2) D:9
   Lair: D:8-11

Altars:
Fedhas
Kikubaaqudgha
Nemelex Xobeh
Okawaru
Ru
Sif Muna
Trog
Vehumet
Wu Jian
Zin

Shops:
D:2 (   D:7 *

Annotations:
D:8 exclusion: ice statue


Message History

The kobold brigand completely misses you.
You hit the kobold brigand.
You kill the kobold brigand!
Okawaru accepts your kill.
You hit the gnoll. Lightning courses through the gnoll!!
You kill the gnoll!
Okawaru accepts your kill.
The kobold brigand throws a curare-tipped dart.
You block the curare-tipped dart.
The kobold brigand throws a curare-tipped dart.
The curare-tipped dart hits you.
You are poisoned.
You have difficulty breathing.
You feel yourself slow down.
You feel very sick.
You feel sick.
You feel sick.
The kobold brigand throws a curare-tipped dart.
The curare-tipped dart closely misses you.
You feel sick.
You feel sick.
The gnoll sergeant hits you from afar with a +2 vorpal spear.
You feel sick.
You are no longer poisoned.
The gnoll sergeant hits you from afar with a +2 vorpal spear.
The gnoll sergeant hits you from afar with a +2 vorpal spear!
The gnoll sergeant hits you from afar with a +2 vorpal spear.
The orc warrior completely misses you.
You feel yourself speed up.
The orc warrior attacks as you move away!
The orc warrior hits you with a +0 scimitar!
* * * LOW HITPOINT WARNING * * *
There is a stone staircase leading up here.
The orc warrior hits you with a +0 scimitar!
* * * LOW HITPOINT WARNING * * *
You fly upwards.
Level annotation: exclusion: ice statue
There is a stone staircase leading down here.
You barely miss the orc warrior.
The orc warrior hits you with a +0 scimitar!
You die...

#..#...........
#..#.#.#...#.##
#####..#.......#.#
#......#.......#.#
#.##...........#.##
#.##.#.###..##))...
#.#........###.<.##
#.#..#.###.# #.>.##
#.@..#.# #.# #....#
###o##.###.###.....
#.##............#
#.######.####....
####.######.......).
#.........#######.##
#.#######.# ##'##
#.# #.# ##...# #.#
#.# ##.....


You could see an orc warrior.

Vanquished Creatures
  Edmund (D:4)
  3 black bears
  A centaur (D:9)
  A phantom (D:5)
  6 bullfrogs
  2 kobold brigands
  Blork the orc (D:6)
  2 scorpions
  4 wights (D:6)
  A howler monkey (D:8)
  3 jellies
  5 hounds
  9 orc priests
  6 iguanas
  16 orc wizards
  4 gnolls
  9 adders
  2 shadow imps
  3 white imps
  A worm (D:5)
  The ghost of Smersh616 the Sneak, a weakling GrDe (D:4)
  A dart slug (D:2)
  45 orcs
  8 endoplasms
  4 giant cockroaches
  5 goblins
  8 hobgoblins
  5 kobolds
  5 quokkas
  7 ball pythons
  4 bats
  2 frilled lizards
  7 rats
182 creatures vanquished.

Vanquished Creatures (collateral kills)
  An orc wizard (D:7)
  An orc (D:7)
  4 kobolds (D:7)
6 creatures vanquished.

Vanquished Creatures (others)
  A withered plant (D:2)
1 creature vanquished.

Grand Total: 189 creatures vanquished

Notes
Turn   | Place    | Note
-------+----------+-------------------------------------------
     0 | D:1      | RapScallion the Hill Orc Fighter began the quest for the
                  | Orb.
     0 | D:1      | Reached XP level 1. HP: 19/19 MP: 1/1
   359 | D:1      | Reached XP level 2. HP: 27/27 MP: 2/2
   513 | D:1      | Reached skill level 3 in Axes
   909 | D:2      | Reached XP level 3. HP: 32/33 MP: 3/3
  1129 | D:2      | Found a shimmering blue altar of Sif Muna.
  1194 | D:2      | Found Dunwimarph's Weapon Shop.
  1336 | D:2      | Reached skill level 4 in Axes
  1336 | D:2      | Reached XP level 4. HP: 40/40 MP: 4/4
  1470 | D:2      | Found a faded altar of an unknown god.
  1654 | D:2      | You fall into a shaft and drop 2 floors!
  1672 | D:4      | Reached XP level 5. HP: 32/46 MP: 5/5
  1708 | D:4      | Reached skill level 5 in Axes
  1803 | D:4      | Noticed Edmund
  2615 | D:2      | Identified the +2 robe "Hero's Friend" {+Inv rF+}
  2848 | D:3      | Found a sparkling altar of Nemelex Xobeh.
  3227 | D:3      | Reached skill level 1 in Dodging
  3272 | D:3      | Reached XP level 6. HP: 36/55 MP: 6/6
  3445 | D:3      | Found a sacrificial altar of Ru.
  3583 | D:4      | Reached skill level 5 in Fighting
  3686 | D:4      | Reached skill level 6 in Axes
  4139 | D:4      | Found a runed translucent door.
  4139 | D:4      | Noticed Smersh616's ghost (weakling GrDe)
  4167 | D:4      | Killed Smersh616's ghost
  4383 | D:4      | Noticed a black bear
  4400 | D:4      | Killed a black bear
  4401 | D:4      | Reached XP level 7. HP: 58/61 MP: 7/7
  4648 | D:4      | Killed Edmund
  4649 | D:4      | Reached skill level 5 in Armour
  5082 | D:4      | Reached skill level 7 in Axes
  5263 | D:5      | Entered Level 5 of the Dungeon
  5665 | D:5      | Found a glowing silver altar of Zin.
  5678 | D:5      | Reached XP level 8. HP: 70/70 MP: 8/8
  6534 | D:6      | Reached skill level 8 in Axes
  6534 | D:6      | Reached skill level 1 in Stealth
  7011 | D:6      | Noticed Blork the orc
  7036 | D:6      | Killed Blork the orc
  7228 | D:7      | Identified a scroll of acquirement
  7228 | D:7      | Acquired 591 gold pieces
  7340 | D:6      | Reached skill level 9 in Axes
  7646 | D:6      | Reached XP level 9. HP: 78/78 MP: 9/9
  8237 | D:6      | Acquired a +4 demon whip of electrocution
  8286 | D:7      | Found Zusseitwiaj's Assorted Antiques.
  8296 | D:7      | Bought a glimmering ring mail for 243 gold pieces
  8296 | D:7      | Identified the +5 ring mail "Fouwiaqi" {Harm rElec Str-5
                  | SInv} (You bought it in a shop on level 7 of the Dungeon)
  8382 | D:7      | Identified the ring "Uwnunaewuc" {Wiz Fly Int+4 Dex+2}
  8387 | D:7      | Acquired 408 gold pieces
  8421 | D:7      | Found a staircase to the Ecumenical Temple.
  8425 | D:7      | Reached skill level 10 in Axes
  8428 | Temple   | Entered the Ecumenical Temple
  8433 | Temple   | Became a worshipper of Warmaster Okawaru
  8483 | D:7      | Reached skill level 5 in Shields
  8577 | D:7      | Identified the +0 chain mail of the Fiend {rC+ Str+2 Int+4
                  | Dex-3}
  8739 | D:7      | Bought a scroll of identify for 54 gold pieces
  8862 | D:8      | Reached skill level 1 in Maces & Flails
  9072 | D:8      | Noticed an ice statue
 10413 | D:9      | Found a staircase to the Orcish Mines.
 10413 | D:9      | Noticed a troll
 10445 | D:8      | Mangled by an orc warrior

Illustrated notes

Levels and vault maps discovered:
D:1:      wander_arrival_abandoned_jail, layout_basic
D:2:      layout_basic, serial_shops, nicolae_square_shop, basic_altar,
          ebering_ecumenical_altar_petrified
D:3:      layout_loops_ring, nemelex_dance_club_becter,
          nicolae_ru_the_path_less_chosen
D:4:      layout_basic, ebering_ghost_reflecting_pool, uniq_edmund
D:5:      layout_loops_ring, mainiacjoe_overflow_cross_hatched
D:6:      layout_basic, minmay_a_box_with_orc_wizards_in_it, uniq_blork_the_orc
D:7:      layout_basic, minmay_temple_entry_proselytizer, serial_shops,
          nicolae_shop_hallway_plus
D:8:      lemuel_ice_statue, layout_loops_corners, hangedman_decor_lopped,
          solitary_fountain, chequers_arboretum
D:9:      layout_gridville, kennysheep_orc_monster_closet_entryway,
          ebering_ghost_funeral_grove, serial_shops, nicolae_lakefront_shop,
          eino_tiny_chamber, serial_bayou_ford_a
Temple:   hellmonk_temple_of_storms

Skill      XL: |  1  2  3  4  5  6  7  8  9 |
---------------+----------------------------+-----
Axes           | 3 4 5 6 7 9 10 | 10.1
Fighting       | 4 5 6 7 |  7.6
Armour         | 4 5 6 7 |  7.6
Dodging        | 1 2 |  2.8
Shields        | 4 5 |  5.1
Stealth        | 1 |  1.1
Maces & Flails | 4 |  4.4

Action                   |  1- 3 |  4- 6 |  7- 9 || total
-------------------------+-------+-------+-------++-------
Melee: War axe           |    66 |       |       ||    66
       Hand axe          |     2 |   168 |   268 ||   438
       Demon whip        |       |       |   108 ||   108
  Use: Scroll            |       |     4 |    19 ||    23
       Potion            |       |     1 |     3 ||     4
Armor: Scale mail        |    32 |    48 |   141 ||   221
       Chain mail        |       |       |    41 ||    41
Dodge: Dodged            |    30 |    60 |   117 ||   207
Block: Buckler           |    13 |    33 |    59 ||   105
